 Dungeon Crawl Stone Soup version 0.31-a0-325-g067879e3d3 (webtiles) character file.

Game seed: 3120309160714355320

18 derpindaisy the Ruffian (level 2, 0/26 HPs)
             Began as a Ghoul Monk on July 18, 2023.
             Killed from afar by Sigmund (8 damage)
             ... with a magic dart
             ... on level 2 of the Dungeon.
             The game lasted 00:01:42 (784 turns).

derpindaisy the Ruffian (Ghoul Monk)                 Turns: 784, Time: 00:01:42

Health: 0/26       AC:  2    Str: 14    XL:     2   Next: 66%
Magic:  1/1        EV: 12    Int:  5    God:
Gold:   57         SH:  0    Dex: 11    Spells: 1/1 levels left

rFire   . .          .
                       - Unarmed
rCold   + . .        c - orb {light}
rNeg    + + +        a - +0 robe
rPois   ∞            (no helmet)
rElec   .            (no cloak)
rCorr   .            (no gloves)
SInv    .            (no boots)
Will    .....        (no amulet)
Stlth   +            (no ring)
HPRegen 0.00/turn    (no ring)
MPRegen 0.07/turn

%: no passive effects
@: confused, inhibited regen, glowing
A: claws 1, cold resistance 1, negative energy resistance 3, inhibited
regeneration, torment resistance 2, devour on kill
a: no special abilities


You were on level 2 of the Dungeon.
You visited 1 branch of the dungeon, and saw 2 of its levels.

You collected 57 gold pieces.

Inventory:

Armour
 a - a +0 robe (worn)
 c - an orb of light (worn)
Scrolls
 d - a scroll of silence {unknown}
 h - a scroll of identify {unknown}
 i - a scroll of torment {unknown}
 k - a scroll of enchant weapon {unknown}
Potions
 b - a potion of ambrosia
 e - 2 potions of degeneration {unknown}
 f - a potion of enlightenment {unknown}
 g - a potion of magic {unknown}
 j - a potion of invisibility {unknown}


   Skills:
 + Level 3.4 Fighting
 + Level 3.1 Dodging
 + Level 3.7 Unarmed Combat


You had one spell level left.
You didn't know any spells.
Your spell library contained the following spells:

 Spells                   Type           Power      Damage    Failure   Level
 Dazzling Flash           Conj/Hex       0%         N/A       85%         3
 Volatile Blastmotes      Fire/Tloc      0%         2d10      85%         3
 Starburst                Conj/Fire      0%         6d3       100%        6
 Maxwell's Capacitive Co  Air            0%         ∞         100%        8


Dungeon Overview and Level Annotations

Branches:
Dungeon (2/15)

Altars:

Annotations:
D:2 Sigmund


Innate Abilities, Weirdness & Mutations

You are immune to poison.
You have sharp fingernails.
Your flesh is cold resistant. (rC+)
You are immune to negative energy. (rN+++)
You do not regenerate when monsters are visible.
You are immune to unholy pain and torment.
You thrive by killing the living.


Message History

No target in view!
You see here a bat corpse.
There is a stone staircase leading down here.
Done exploring.
Done exploring.
Done exploring.
Done exploring.
Done exploring.
Search for what [? for help]? .
(D) Dungeon
Where to? (? - help)
What level of the Dungeon? (default 1, ? - help)
There is a stone staircase leading down here.
You climb downwards.
Sigmund shouts!
The kobold shouts!
There is a stone staircase leading up here.
There are monsters nearby!
You scratch Sigmund.
Sigmund is lightly wounded.
You claw Sigmund!
Sigmund is moderately wounded.
Sigmund gestures at you while chanting.
You are confused.
You bump into the rock wall.
Sigmund says, "Your kind have come here before.
I understand now why.
You desire death..."
Sigmund hits you with a +0 scythe!
You scratch Sigmund.
Sigmund is severely wounded.
Sigmund points at you and mumbles some strange words.
You are more confused.
You bump into the rock wall.
Sigmund misses you.
You scratch Sigmund but do no damage.
Sigmund is severely wounded.
The kobold hits you with a +0 dagger.
You bump into the rock wall.
Sigmund hits you with a +0 scythe! The kobold barely misses you.
You bump into the rock wall.
The kobold hits you but does no damage. Sigmund gestures at you while chanting.
The magic dart hits you!
You die...

.## ..
.. ## .
.. .##.
#.###..
#....K#
#@# #@#
#.# ...
#.# #..
###


You could see Sigmund and a kobold.

Vanquished Creatures
  A dart slug (D:1)
  A ball python (D:1)
  2 bats (D:1)
  2 endoplasms (D:1)
  2 hobgoblins (D:1)
  2 quokkas (D:1)
  A frilled lizard (D:1)
  2 goblins (D:1)
13 creatures vanquished.

Notes
Turn   | Place    | Note
-------+----------+-------------------------------------------
     0 | D:1      | derpindaisy the Ghoul Monk began the quest for the Orb.
     0 | D:1      | Reached XP level 1. HP: 19/19 MP: 0/0
   131 | D:1      | Reached XP level 2. HP: 25/26 MP: 1/1
   776 | D:2      | Noticed Sigmund
   784 | D:2      | Killed from afar by Sigmund

Illustrated notes

Levels and vault maps discovered:
D:1:      lightli_arrival_maybe_door_vault, layout_basic
D:2:      wad_pebble_path, layout_basic, uniq_sigmund

Skill      XL: |  1 |
---------------+----+-----
Dodging        | 3 |  3.1
Fighting       | |  3.4
Unarmed Combat | |  3.7

Action                     || total
---------------------------++-------
  Melee: Unarmed           ||    32
 Armour: Robe              ||     6
  Dodge: Dodged            ||    12

Table legend: (Time is in decaauts)
 A = Elapsed time spent in this place.
 B = Non-inter-level travel time spent in this place.
 C = Inter-level travel time spent in this place.
 D = Time resting spent in this place.
 E = Time spent auto-exploring this place.
 F = Levels seen in this place.
 G = Mean time per level.
                   A        B        C        D        E       F      G
               +--------+--------+--------+--------+--------+-----+--------+
         Total |    781 |    765 |     16 |     73 |    603 |   2 |  390.5 |
       Dungeon |    781 |    765 |     16 |     73 |    603 |   2 |  390.5 |
               +--------+--------+--------+--------+--------+-----+--------+

Top non-repeatable levels by time:
     D:1: 773 daAuts
     D:2: 7 daAuts
